 Dungeon Crawl Stone Soup version 0.25-a0-356-g7c9d860b3b (webtiles) character file.

Game seed: 93232989481406478, levelgen mode: deterministic

930 night the Slinger (level 7, -3/37 HPs)
             Began as a Spriggan Hunter on Jan 3, 2020.
             Shot with an arrow by a centaur (4 damage)
             ... on level 5 of the Dungeon.
             The game lasted 00:10:39 (5229 turns).

night the Slinger (Spriggan Hunter)                 Turns: 5229, Time: 00:10:40

Health: -3/37      AC:  3    Str: 10    XL:     7   Next: 86%
Magic:  8/8        EV: 22    Int: 12    God:
Gold:   94         SH:  5    Dex: 17    Spells: 6/6 levels left

rFire    . . .     SeeInvis +   a - +1 hunting sling
rCold    . . .     Gourm    .   r - +0 buckler
rNeg     . . .     Faith    .   c - +0 robe
rPois    .         Spirit   .   (helmet restricted)
rElec    .         Reflect  .   k - +0 cloak
rCorr    .         Harm     .   (gloves unavailable)
MR       +....                  (boots unavailable)
Stlth    ++........             (no amulet)
HPRegen  0.12/turn              (no ring)
MPRegen  0.11/turn              (no ring)

@: very quick
A: very small, unfitting armour, see invisible, herbivore, speed 3, slow
metabolism 2
a: no special abilities


You were on level 5 of the Dungeon.
You were very hungry.

You visited 1 branch of the dungeon, and saw 5 of its levels.

You collected 94 gold pieces.

Inventory:

Hand Weapons
 a - a +1 hunting sling (weapon)
 b - a +0 short sword
Missiles
 d - 15 sling bullets (quivered)
Armour
 c - a +0 robe (worn)
 k - a +0 cloak (worn)
 r - a +0 buckler (worn)
Jewellery
 e - an uncursed ring of magical power {unknown}
 v - a cursed +3 ring of evasion {unknown}
Wands
 y - a wand of flame (5)
Scrolls
 j - 5 scrolls of identify {unknown}
 l - 2 scrolls of noise {unknown}
 m - a scroll of fog {unknown}
 n - a scroll of enchant weapon {unknown}
 o - 3 scrolls of remove curse {unknown}
 w - 2 scrolls of magic mapping {unknown}
 x - 3 scrolls of teleportation {unknown}
 A - a scroll of random uselessness {unknown}
 B - a scroll of fear {unknown}
Potions
 g - 3 potions of heal wounds {unknown}
 h - a potion of haste
 i - 5 potions of degeneration {unknown}
 p - a potion of lignification {unknown}
 s - a potion of curing {unknown}
 t - a potion of flight {unknown}
 u - a potion of might {unknown}
 z - a potion of resistance {unknown}
Comestibles
 f - 7 rations


   Skills:
 + Level 4.0 Fighting
 * Level 9.1 Slings
 + Level 7.0 Dodging
 - Level 1.5 Stealth


You had 6 spell levels left.
You didn't know any spells.
Your spell library was empty.

Dungeon Overview and Level Annotations

Branches:
Dungeon (5/15)
 Temple: D:4-7

Altars:
Cheibriados
Elyvilon
Sif Muna
Zin

Shops:
D:3 *


Innate Abilities, Weirdness & Mutations

You are very small and have problems with some larger weapons.
You are too small for most types of armour.
You have supernaturally acute eyesight. (SInv)
You are a herbivore.
You cover ground extremely quickly.
You need to consume almost no food.


Message History

You are feeling very hungry.
The centaur drinks a potion.
The centaur seems to speed up.
Firing (i - inventory. (/) - cycle)
q - 2 stones (quivered)
Press: ? - help, Shift-Dir - straight line, f/p - centaur
Aim: a centaur, wielding a +0 shortbow, wearing an uncursed ring of wizardry and quivering 26 arrows (moderately wounded, fast)
You shoot a stone. The stone hits the centaur.
The centaur is moderately wounded.
The centaur shoots an arrow.
You block the arrow.
Firing (i - inventory. (/) - cycle)
q - a stone (quivered)
Press: ? - help, Shift-Dir - straight line, f/p - centaur
Aim: a centaur, wielding a +0 shortbow, wearing an uncursed ring of wizardry and quivering 25 arrows (moderately wounded, fast)
You shoot a stone. The stone hits the centaur.
The centaur is moderately wounded.
The centaur shoots an arrow.
The arrow closely misses you.
The centaur shoots an arrow.
The arrow hits you!!
* * * LOW HITPOINT WARNING * * *
You are too injured to fight recklessly!
You see here an arrow.
The centaur shoots an arrow.
The arrow hits you.
You die...

#.# #.# #.#######
############......[.
####............#
#....#.....####.#
#....#...#.####.#######
#..#####...............
##....#...#.####@##.####
#...#.#.###.####(# #
....#...# #.....(##.####
#...##.## #.............
##.###.# #.####.##.####
#.# #.# #.# #.# # #.#
#.####.####.# #.# #.#
#..........c# #.# ..
######.####(# #.#


You could see a centaur.

Vanquished Creatures
  Sigmund (D:2)
  Eustachio (D:3)
  A sky beast (D:4)
  A centaur (D:5)
  A phantom (D:5)
  A howler monkey (D:4)
  Crazy Yiuf (D:2)
  2 hounds (D:4)
  A bullfrog skeleton (D:4)
  A centaur skeleton (D:4)
  2 worker ants (D:4)
  3 gnolls (D:3)
  A howler monkey skeleton (D:5)
  5 adders
  An adder zombie (D:5)
  2 adder skeletons (D:4)
  3 worms
  A dart slug (D:3)
  2 leopard geckos
  An orc (D:3)
  2 giant cockroaches
  4 goblins
  6 hobgoblins
  4 jackals (D:1)
  2 ball pythons
  9 bats
  3 frilled lizards
  9 kobolds
  A quokka skeleton (D:4)
  8 rats
80 creatures vanquished.

Notes
Turn   | Place    | Note
-------+----------+-------------------------------------------
     0 | D:1      | night the Spriggan Hunter began the quest for the Orb.
     0 | D:1      | Reached XP level 1. HP: 10/10 MP: 2/2
   421 | D:1      | Reached skill level 5 in Slings
   488 | D:1      | Reached XP level 2. HP: 15/15 MP: 3/3
  1422 | D:2      | Noticed Sigmund
  1436 | D:2      | Killed Sigmund
  1436 | D:2      | Reached skill level 6 in Slings
  1436 | D:2      | Reached XP level 3. HP: 19/19 MP: 4/4
  1436 | D:2      | Reached XP level 4. HP: 23/23 MP: 5/5
  1436 | D:2      | Reached XP level 5. HP: 27/27 MP: 6/6
  1744 | D:2      | Found a runed translucent door.
  1745 | D:2      | Noticed Crazy Yiuf
  1789 | D:2      | Killed Crazy Yiuf
  1898 | D:2      | Reached skill level 5 in Dodging
  2272 | D:3      | Found Zin's Purification Station.
  2278 | D:3      | Found a glowing silver altar of Zin.
  2465 | D:3      | Found a snail-covered altar of Cheibriados.
  2521 | D:3      | Reached skill level 7 in Slings
  2629 | D:3      | Found a white marble altar of Elyvilon.
  2748 | D:3      | Reached XP level 6. HP: 32/32 MP: 7/7
  3071 | D:4      | Found a shimmering blue altar of Sif Muna.
  3110 | D:4      | Noticed Eustachio
  3212 | D:3      | Killed Eustachio
  3681 | D:4      | Reached skill level 8 in Slings
  3681 | D:4      | Reached XP level 7. HP: 36/36 MP: 8/8
  4294 | D:5      | Entered Level 5 of the Dungeon
  5163 | D:5      | Reached skill level 9 in Slings
  5227 | D:5      | HP: 1/37 [centaur/arrow (18)]
  5229 | D:5      | Shot with an arrow by a centaur

Levels and vault maps discovered:
D:1:      wheals_arrival_linesprint, layout_basic
D:2:      cheibrodos_old_hovel, layout_loops_ring, uniq_crazy_yiuf_cottage,
          uniq_sigmund
D:3:      layout_basic, kennysheep_slug_shrine, zin_purify, elyvilon_altar_5
D:4:      layout_loops_corners, kennysheep_mini, uniq_eustachio
D:5:      layout_loops_ring, gammafunk_temple_overflow_arena,
          nicolae_overflow_crystal_walls, kennysheep_little_box, first_ration,
          minmay_fractal_squares_5

Skill      XL: |  1  2  3  4  5  6  7 |
---------------+----------------------+-----
Slings         | 5 6 7 8 9 |  9.1
Fighting       | 2 3 4 |  4.0
Dodging        | 4 5 6 7 |  7.0
Stealth        | |  1.5

Action                   |  1- 3 |  4- 6 |  7- 9 || total
-------------------------+-------+-------+-------++-------
Melee: Short sword       |    16 |     8 |     9 ||    33
 Fire: Hunting sling     |    71 |   184 |   120 ||   375
 Stab: Sleeping          |     1 |       |       ||     1
Armor: Robe              |     5 |     3 |       ||     8
Dodge: Dodged            |    30 |    26 |    31 ||    87
Block: Buckler           |       |     7 |    12 ||    19

Table legend:
 A = Non-vault XP
 B = Vault XP
 C = Vault XP percentage of total XP
 D = Non-vault monster count
 E = Vault monster count
 F = Vault count percentage of total count
                 A         B        C        D         E       F
            +---------+---------+-------+---------+---------+-------
      Total |     761 |     568 |  42.7 |      73 |       7 |   8.8
            +---------+---------+-------+---------+---------+-------
        D:1 |      31 |       0 |   0.0 |      22 |       0 |   0.0
        D:2 |      43 |     249 |  85.3 |      15 |       3 |  16.7
        D:3 |      96 |     195 |  67.0 |      19 |       2 |   9.5
        D:4 |     442 |       0 |   0.0 |      13 |       0 |   0.0
        D:5 |     149 |     124 |  45.4 |       4 |       2 |  33.3
            +---------+---------+-------+---------+---------+-------
